 Dungeon Crawl Stone Soup version 0.30.1-9-gdf580d7c3d (webtiles) character file.

Game seed: 1368468225446502396

215 monsoonserge the Covered (level 5, 0/39 HPs)
             Began as a Demonspawn Warper on Oct 6, 2023.
             Shot with an arrow by a centaur (6 damage)
             ... on level 5 of the Dungeon.
             The game lasted 00:11:24 (2924 turns).

monsoonserge the Covered (Demonspawn Warper)        Turns: 2924, Time: 00:11:24

Health: 0/39       AC:  8    Str: 11    XL:     5   Next: 60%
Magic:  7/8        EV: 11    Int: 20    God:
Gold:   145        SH:  0    Dex: 16    Spells: 6/8 levels left

rFire   . . .        w - +4 whip "Dragonbane" {heavy, Int+4 Dex+3}
rCold   . . .        (no shield)
rNeg    . . .        p - +0 ring mail
rPois   .            (no helmet)
rElec   .            (no cloak)
rCorr   .            (no gloves)
SInv    .            j - +2 pair of boots
Will    .....        (no amulet)
Stlth   +            (no ring)
HPRegen 0.26/turn    (no ring)
MPRegen 0.22/turn

%: no passive effects
@: mighty, on blink cooldown
A: demonic guardian 1, magic regeneration
a: no special abilities


You were on level 5 of the Dungeon.
You visited 1 branch of the dungeon, and saw 5 of its levels.

You collected 145 gold pieces.

Inventory:

Hand Weapons
 w - the +4 whip "Dragonbane" (weapon) {heavy, Int+4 Dex+3}
   (You found it on level 3 of the Dungeon)

   Int:       It affects your intelligence (+4).
   Dex:       It affects your dexterity (+3).
Missiles
 d - 7 boomerangs of dispersal
 g - 16 poisoned darts (quivered)
 r - 2 throwing nets
 x - a boomerang
Armour
 b - a +0 leather armour
 j - a +2 pair of boots (worn)
 l - a +0 scale mail
 p - a +0 ring mail (worn)
 y - a +0 chain mail
Jewellery
 v - an amulet of the acrobat
Scrolls
 c - a scroll of blinking
 e - a scroll of teleportation
 f - 2 scrolls of fear {unknown}
 i - a scroll of brand weapon
 k - a scroll of magic mapping
 m - a scroll of enchant armour
 q - a scroll of silence
 s - a scroll of butterflies {unknown}
 t - 2 scrolls of enchant weapon
 u - a scroll of immolation
Potions
 a - a potion of flight {unknown}
 h - a potion of curing
 n - 4 potions of mutation


   Skills:
 + Level 2.7 Fighting
 - Level 0.2(1.3) Short Blades
 - Level 2.2 Long Blades
 * Level 0.2 Maces & Flails
 + Level 0.8 Throwing
 * Level 3.2 Armour
 + Level 2.9 Dodging
 + Level 0.2 Stealth
 + Level 2.2 Spellcasting
 - Level 3.0 Translocations


You had 6 spell levels left.
You knew the following spells:

 Your Spells              Type           Power      Damage    Failure   Level
a - Blink                 Tloc           28%        N/A       16%         2

Your spell library contained the following spells:

 Spells                   Type           Power      Damage    Failure   Level
 Lesser Beckoning         Tloc           28%        N/A       16%         2
 Momentum Strike          Conj/Tloc      16%        3d8       28%         2
 Teleport Other           Tloc           14%        N/A       30%         3
 Beastly Appendage        Tmut           4%         N/A       34%         1
 Summon Small Mammal      Summ           8%         N/A       34%         1
 Wereblood                Tmut           2%         N/A       47%         2
 Vhi's Electric Charge    Tloc/Air       16%        N/A       50%         3
 Call Canine Familiar     Summ           2%         N/A       71%         3
 Spider Form              Tmut/Pois      2%         N/A       71%         3
 Summon Guardian Golem    Hex/Summ       2%         N/A       71%         3
 Manifold Assault         Tloc           14%        N/A       71%         4


Dungeon Overview and Level Annotations

Branches:
Dungeon (5/15)
 Temple: D:4-7

Altars:
Cheibriados
Nemelex Xobeh

Shops:
D:2 [   D:5 ?

Portals:
Abyss: D:4

Annotations:
D:4 2 transporters, Rem's ghost, amateur OpTm


Innate Abilities, Weirdness & Mutations

A weak demonic guardian rushes to your aid.
You regenerate magic rapidly.


Message History

You are lethally poisoned!
The orc closely misses you. Something hits you.
You are more poisoned.
You hear some strange, mumbled words.
A puff of flame appears from out of thin air!
The puff of flame hits you.
* * * LOW HITPOINT WARNING * * *
Casting: Blink (safe; 16% risk of failure)
Confirm with . or Enter, or press ? or * to list all spells.
You blink.
A giant cockroach and a goblin come into view.
The goblin shouts!
* * * LOW HITPOINT WARNING * * *
You feel very sick. The orc misses you.
You are mighty.
You are lethally poisoned (2 -> -18).
You are unable to blink.
Your movement speed is average.
Your attack delay is about 1.6.
Your damage rating with the +4 whip "Dragonbane" {heavy, Int+4 Dex+3} is about 14 (Base [6 + 4 (Hvy)] x 102% (Str) x 104% (Skill) + 4 (Ench)).
Your base attributes are Str 11, Int 16, Dex 13.
You feel better.
The orc hits you with a +0 short sword of speed.
* * * LOW HITPOINT WARNING * * *
A demonic guardian appears!
The orc hits you but does no damage. The sleepcap releases spores at you.
* * * LOW HITPOINT WARNING * * *
The orc hits you but does no damage.
The sleepcap releases spores at you but does no damage.
The orc closely misses you.
You climb downwards.
Your summoned ally is left behind.
Reactivating autopickup.
The centaur shouts!
Found four items.
Found Vavubb's Magic Scroll Shoppe.
Found a stone staircase leading down.
There is a stone staircase leading up here.
You whack the orc!
You kill the orc!
The centaur wields a +0 shortbow.
The centaur shoots an arrow.
The arrow closely misses you. The sleepcap barely misses you.
The centaur shoots an arrow.
The arrow hits you.
You die...

.:###.# ...
#8..... #..
#......#..#
...>...8..# .
........?.# ...
.....∩....#....
.......f.......
#..8...@.....#
#......)....##
...?.....8...#
..#....#......#
. #.... ......#
#.... ..!..##
..### #....#
#.# ..c.#


You could see a sleepcap and a centaur.

Vanquished Creatures
  An orc priest (D:3)
  An orc wizard (D:3)
  7 adders
  A worm (D:3)
  3 dart slugs
  7 orcs
  4 bats
  3 endoplasms
  A giant cockroach (D:2)
  6 goblins
  5 hobgoblins
  4 quokkas
  8 ball pythons
  2 frilled lizards (D:3)
  5 kobolds
  6 rats
64 creatures vanquished.

Vanquished Creatures (collateral kills)
  A hound (D:4)
  An orc (D:3)
  A rat (D:3)
3 creatures vanquished.

Grand Total: 67 creatures vanquished

Notes
Turn   | Place    | Note
-------+----------+-------------------------------------------
     0 | D:1      | monsoonserge the Demonspawn Warper began the quest for the
                  | Orb.
     0 | D:1      | Reached XP level 1. HP: 16/16 MP: 3/3
   144 | D:1      | Gained mutation: You regenerate magic rapidly. [demonic
                  | ancestry]
   144 | D:1      | Reached XP level 2. HP: 13/22 MP: 5/5
   455 | D:1      | Reached skill level 1 in Armour
   485 | D:1      | Learned a level 2 spell: Blink
  1074 | D:2      | Reached XP level 3. HP: 24/27 MP: 6/6
  1084 | D:2      | Found Goeqiamu's Armour Boutique.
  1769 | D:3      | Reached XP level 4. HP: 16/34 MP: 7/7
  1977 | D:4      | Found a sparkling altar of Nemelex Xobeh.
  1979 | D:4      | Found a snail-covered altar of Cheibriados.
  2080 | D:3      | Identified the +4 whip "Dragonbane" {heavy, Int+4 Dex+3}
  2250 | D:3      | Gained mutation: A weak demonic guardian rushes to your
                  | aid. [demonic ancestry]
  2250 | D:3      | Reached XP level 5. HP: 39/39 MP: 8/8
  2643 | D:4      | Found a transporter.
  2648 | D:4      | Noticed Rem's ghost (amateur OpTm)
  2652 | D:4      | Noticed a small abomination
  2654 | D:4      | Noticed a small abomination
  2656 | D:4      | Found a transporter.
  2885 | D:4      | Found a one-way gate to the infinite horrors of the Abyss.
  2923 | D:5      | Entered Level 5 of the Dungeon
  2923 | D:5      | Noticed a centaur
  2923 | D:5      | Found Vavubb's Magic Scroll Shoppe.
  2924 | D:5      | Shot with an arrow by a centaur

Illustrated notes

Levels and vault maps discovered:
D:1:      scummos_arrival_checkerplants, layout_basic, minmay_splitting_lines
D:2:      layout_loops_ring, serial_shops, shop
D:3:      layout_basic, kennysheep_nub
D:4:      layout_basic, nicolae_overflow_hidden_temple,
          gammafunk_ghost_abyssal_escape, minmay_increasing_density
D:5:      layout_cave_pools, serial_glass, glass_columns_a, glass_columns_b,
          serial_shops, nicolae_stop_n_shop_1, uniq_prince_ribbit1

Skill      XL: |  1  2  3  4  5 |
---------------+----------------+-----
Dodging        | 2 |  2.9
Translocations | 3 |  3.0
Armour         | 1 2 3 |  3.2
Long Blades    | 2 |  2.2
Fighting       | |  2.7
Short Blades   | |  0.2
Maces & Flails | |  0.2
Throwing       | |  0.8
Stealth        | |  0.2
Spellcasting   | |  2.2

Action                     |  1- 3 |  4- 6 || total
---------------------------+-------+-------++-------
  Melee: Falchion          |    74 |       ||    74
         Dagger            |    37 |    49 ||    86
         Triple sword      |    17 |       ||    17
         Whip              |       |    64 ||    64
  Throw: Dart              |       |     2 ||     2
   Cast: Blink             |       |     3 ||     3
    Use: Scroll            |     5 |     5 ||    10
         Potion            |       |     3 ||     3
 Armour: Leather armour    |    30 |       ||    30
         Ring mail         |    26 |    69 ||    95
  Dodge: Dodged            |    87 |    95 ||   182
